 Dungeon Crawl Stone Soup version 0.25.1-2-g60ff931df9 (webtiles) character file.

Game seed: 8087679337471142011

3022 Drachen the Ducker (level 9, -2/67 HPs)
             Began as a Demigod Gladiator on Oct 25, 2020.
             Killed from afar by Erica (18 damage)
             ... with a lance of force
             ... on level 8 of the Dungeon on Oct 27, 2020.
             The game lasted 00:21:19 (9492 turns).

Drachen the Ducker (Demigod Gladiator)              Turns: 9492, Time: 00:21:20

Health: -2/67      AC: 18    Str: 21    XL:     9   Next: 30%
Magic:  20/20      EV: 12    Int: 12    God:
Gold:   128        SH:  0    Dex: 21    Spells: 8/8 levels left

rFire    . . .     SeeInvis .   a - +0 long sword
rCold    . . .     Gourm    .   (no shield)
rNeg     . . .     Faith    .   v - +2 chain mail of Gyscheari {Dex+2}
rPois    .         Spirit   .   k - +2 helmet
rElec    .         Reflect  .   (no cloak)
rCorr    .         Harm     .   A - +2 pair of gloves
MR       .....                  (no boots)
Stlth    ..........             (no amulet)
HPRegen  0.21/turn              j - ring of magical power
MPRegen  0.17/turn              u - ring of flight

@: lethally poisoned (-2 -> -12), flying, hasted, very quick
A: high mp 1
a: no special abilities


You were on level 8 of the Dungeon.
You were hungry.

You visited 1 branch of the dungeon, and saw 8 of its levels.

You collected 387 gold pieces.
You spent 259 gold pieces at shops.

Inventory:

Hand Weapons
 a - a +0 long sword (weapon)
Missiles
 s - 9 poisoned darts (quivered)
 B - 2 boomerangs
Armour
 k - a +2 helmet (worn)
 q - a +3 leather armour of cold resistance
 v - the +2 chain mail of Gyscheari (worn) {Dex+2}
   (You bought it in a shop on level 6 of the Dungeon)

   It affects your dexterity (+2).
 z - +0 acid dragon scales
 A - a +2 pair of gloves (worn)
Jewellery
 j - a ring of magical power (left hand)
 u - a ring of flight (right hand)
Wands
 x - a wand of paralysis (5)
Scrolls
 b - 2 scrolls of teleportation
 d - 2 scrolls of enchant armour {unknown}
 e - a scroll of amnesia {unknown}
 g - 3 scrolls of remove curse
 i - 5 scrolls of fog
 l - a scroll of enchant weapon {unknown}
 o - a scroll of magic mapping
 r - a scroll of random uselessness {unknown}
 y - a scroll of summoning {unknown}
 C - a scroll of identify
 E - 3 scrolls of fear {unknown}
 G - a scroll of holy word {unknown}
Potions
 c - 2 potions of magic
 h - a potion of curing
 m - 4 potions of stabbing
 p - 2 potions of resistance
Comestibles
 f - 14 rations


   Skills:
 - Level 2.0 Fighting
 + Level 7.0 Long Blades
 + Level 6.5 Throwing
 - Level 5.0 Armour
 - Level 7.0 Dodging


You had 8 spell levels left.
You didn't know any spells.
Your spell library contained the following spells:

 Spells                   Type           Power        Failure   Level  Hunger
 Magic Dart               Conj           #...         96%         1    ##.....
 Blink                    Tloc           N/A          99%         2    ###....
 Call Imp                 Summ           #.......     99%         2    ###....
 Slow                     Hex            #.......     99%         2    ###....
 Conjure Flame            Conj/Fire      #.......     100%        3    ####...
 Mephitic Cloud           Conj/Pois/Air  #.......     100%        3    ####...


Dungeon Overview and Level Annotations

Branches:
Dungeon (8/15)             Temple (0/1) D:5
   Lair: D:8-11

Shops:
D:5 %   D:6 [   D:7 *

Annotations:
D:8 Erica


Innate Abilities, Weirdness & Mutations

You have an increased reservoir of magic. (+10% MP)


Message History

Erica looks as sick as possible!
Erica is heavily wounded.
Throwing (i - inventory. (/) - cycle)
s - 10 poisoned darts (quivered)
Press: ? - help, Shift-Dir - straight line, f/p - Erica
Aim: Erica, wielding a +1 scimitar of flaming and wearing a +0 robe (heavily wounded, extremely poisoned)
You throw a poisoned dart. The poisoned dart hits Erica.
Erica looks as sick as possible!
Erica is heavily wounded.
You slash Erica!
Erica is severely wounded.
You closely miss Erica.
Erica is severely wounded.
Erica casts a spell at you. The bolt of poison hits you!!
You are poisoned.
* * * LOW HITPOINT WARNING * * *
You feel sick. Erica casts a spell at you. The lance of force hits you!!
You die...

#p#.#####
#####.#.#
...#.#.#
##.####.#.#p#
...p......#.#
#.####.###p#
# #.# #p#
#.########.#
#p#
#..@?@(((.(#
#.#
#.##########
#)# # #<# ###


You could see Erica (extremely poisoned).

Vanquished Creatures
  Pikel (D:8)
  Maggie (D:8)
  Grinder (D:5)
  Menkaure (D:5)
  3 ice beasts
  A sky beast (D:5)
  An orc warrior (D:7)
  A slave (D:8)
  An ogre (D:3)
  2 centaurs
  A big kobold (D:7)
  2 bullfrogs
  3 scorpions
  A crimson imp (D:6)
  2 bullfrog zombies
  2 hounds (D:4)
  2 orc priests
  3 orc wizards
  2 centaur skeletons
  A bullfrog skeleton (D:6)
  3 iguanas
  6 worker ants
  2 hound skeletons (D:4)
  A worker ant zombie (D:6)
  12 adders
  An ooze (D:1)
  2 adder skeletons
  An adder zombie (D:5)
  5 worms
  3 dart slugs
  3 leopard geckos
  22 orcs
  6 bats
  8 giant cockroaches
  6 goblins
  4 hobgoblins
  11 jackals
  11 kobolds
  2 quokkas (D:4)
  3 ball pythons
  6 frilled lizards
  A quokka zombie (D:5)
  5 rats
156 creatures vanquished.

Vanquished Creatures (others)
  A giant cockroach (D:4)
1 creature vanquished.

Grand Total: 157 creatures vanquished

Notes
Turn   | Place    | Note
-------+----------+-------------------------------------------
     0 | D:1      | Drachen the Demigod Gladiator began the quest for the Orb.
     0 | D:1      | Reached XP level 1. HP: 17/17 MP: 3/3
    84 | D:1      | You fall into a shaft and drop 1 floor!
    86 | D:2      | Reached XP level 2. HP: 24/24 MP: 4/4
   223 | D:2      | Reached skill level 1 in Armour
   349 | D:2      | Reached XP level 3. HP: 26/29 MP: 5/5
  1305 | D:2      | Reached XP level 4. HP: 35/36 MP: 6/6
  1380 | D:2      | Found a sparkling altar of Nemelex Xobeh.
  1488 | D:2      | Noticed a centaur
  1502 | D:2      | Killed a centaur
  1502 | D:2      | Reached XP level 5. HP: 19/41 MP: 7/7
  1998 | D:3      | Found a sparkling altar of Nemelex Xobeh.
  2826 | D:3      | Found a faded altar of an unknown god.
  3467 | D:4      | Reached XP level 6. HP: 48/48 MP: 8/8
  3915 | D:4      | Found a sacrificial altar of Ru.
  4155 | D:4      | Found a white marble altar of Elyvilon.
  4767 | D:4      | Found a shimmering altar of Xom.
  4872 | D:4      | Found a shattered altar of Ashenzari.
  5256 | D:5      | Entered Level 5 of the Dungeon
  5265 | D:5      | Reached XP level 7. HP: 55/55 MP: 9/9
  5304 | D:5      | Found Soliwaj's Food Shop.
  5637 | D:5      | Noticed Grinder
  5637 | D:5      | Paralysed by Grinder for 6 turns
  5776 | D:5      | Killed Grinder
  5917 | D:5      | Found a staircase to the Ecumenical Temple.
  5984 | D:5      | Reached skill level 5 in Long Blades
  5984 | D:5      | Reached skill level 5 in Dodging
  6283 | D:5      | Noticed Menkaure
  6290 | D:5      | Killed Menkaure
  6290 | D:5      | Reached XP level 8. HP: 16/61 MP: 10/10
  6306 | D:5      | HP: 3/61 [poisoned by an adder]
  6996 | D:6      | Reached skill level 5 in Throwing
  7541 | D:6      | Found Leusm's Antique Armour Boutique.
  7546 | D:6      | Bought a bloodstained chain mail for 199 gold pieces
  7556 | D:6      | Identified the +2 chain mail of Gyscheari {Dex+2} (You
                  | bought it in a shop on level 6 of the Dungeon)
  8255 | D:7      | Found Vier's General Store.
  8261 | D:7      | Reached skill level 5 in Armour
  8273 | D:7      | Bought a potion of heal wounds for 60 gold pieces
  8989 | D:7      | Found a glowing golden altar of the Shining One.
  9153 | D:7      | Found a stormy altar of Qazlal.
  9229 | D:8      | Noticed Maggie
  9250 | D:8      | Killed Maggie
  9250 | D:8      | Reached XP level 9. HP: 53/67 MP: 11/11
  9263 | D:8      | Noticed Pikel
  9310 | D:8      | Killed Pikel
  9426 | D:8      | Noticed Erica
  9492 | D:8      | Killed from afar by Erica

Illustrated notes

Levels and vault maps discovered:
D:1:      minmay_arrival_doors, layout_rooms
D:2:      layout_loops_ring, old_standard_altar, first_ration
D:3:      layout_loops_cross, chequers_ecumenical_altar_grove,
          nemelex_diamond_rough_becter
D:4:      layout_cave_pods, cheibrodos_ashenzari_chains, lemuel_crystal_altar,
          xom_confusion_cloud, nicolae_ru_awakened_eye
D:5:      layout_basic, minmay_temple_entry_junction, serial_shops, shop,
          due_unseen_surprise, uniq_grinder, uniq_menkaure
D:6:      layout_loops_corners, serial_shops, shop
D:7:      layout_rooms, kennysheep_mini_moat, nicolae_tso_carved_into_rock,
          serial_shops, nicolae_shop_crystal, st_stairs_13
D:8:      layout_basic, lemuel_crystal_altar, lair_entry_dummy,
          minmay_door_square, uniq_erica, uniq_pikel, uniq_maggie

Skill      XL: |  1  2  3  4  5  6  7  8  9 |
---------------+----------------------------+-----
Fighting       | 2 |  2.0
Throwing       | 2 3 4 6 |  6.5
Long Blades    | 3 4 5 6 7 |  7.0
Dodging        | 3 4 5 6 7 |  7.0
Armour         | 1 2 3 4 5 |  5.0

Action                   |  1- 3 |  4- 6 |  7- 9 || total
-------------------------+-------+-------+-------++-------
Melee: Long sword        |    98 |   221 |   357 ||   676
Throw: Throwing net      |       |     3 |     4 ||     7
       Dart              |       |       |    35 ||    35
Evoke: Wand              |       |       |     2 ||     2
  Use: Scroll            |       |     4 |     7 ||    11
       Potion            |       |       |    12 ||    12
 Stab: Sleeping          |       |     1 |     1 ||     2
       Distracted        |       |       |     1 ||     1
       Held in net/web   |       |       |     1 ||     1
       Paralysed         |       |       |    14 ||    14
  Eat: Chunk             |     1 |    13 |     7 ||    21
       Ration            |       |       |     2 ||     2
Armor: Leather armour    |    25 |    50 |    56 ||   131
       Scale mail        |     8 |    29 |       ||    37
       Chain mail        |       |       |    89 ||    89
Dodge: Dodged            |    77 |   191 |   190 ||   458
       Rpst.: Long sword |    28 |    46 |    64 ||   138
